 Dungeon Crawl Stone Soup version 0.32-a0-484-g2eb335deba (webtiles) character file.

Game seed: 5438799548918089374

5070 mopl the Toxicologist (level 10, -13/56 HPs)
             Began as an Octopode Alchemist on Feb 26, 2024.
             Was a Follower of Vehumet.
             Shot with an arrow by a centaur warrior (17 damage)
             ... on level 8 of the Dungeon.
             The game lasted 00:11:41 (6666 turns).

mopl the Toxicologist (Octopode Alchemist)          Turns: 6666, Time: 00:11:44

Health: -13/56     AC:  1    Str:  7    XL:     10   Next: 56%
Magic:  13/21      EV: 18    Int: 25    God:    Vehumet [*.....]
Gold:   450        SH:  5    Dex: 19    Spells: 15/24 levels left

rFire   + . .        a - +1 rapier of Eternal Vigilance {venom, rF- rC+ rN++ Int+3}
rCold   + . .        (no shield)
rNeg    + + .        (helmet restricted)
rPois   .            C - amulet of reflection
rElec   .            e - ring of protection from fire
rCorr   .            g - ring of protection from fire
SInv    .            l - +5 ring of evasion
Will    .....        o - +6 ring of dexterity
Stlth   +++          (no ring)
HPRegen 0.29/turn    (no ring)
MPRegen 0.17/turn    (no ring)
                     (no ring)

%: reflection
@: about to teleport
A: almost no armour, amphibious, 8 rings, camouflage 1, gelatinous body 1,
(nimble swimmer 1), tentacles
a: Renounce Religion


You were on level 8 of the Dungeon.
You worshipped Vehumet.
Vehumet was aware of your devotion.
You visited 2 branches of the dungeon, and saw 9 of its levels.

You collected 450 gold pieces.

Inventory:

Hand Weapons
 a - the +1 rapier of Eternal Vigilance (weapon) {venom, rF- rC+ rN++ Int+3}
   (You found it on level 2 of the Dungeon)

   Int+3:     It affects your intelligence (+3).
   rF-:       It makes you vulnerable to fire.
   rC+:       It protects you from cold.
   rN++:      It greatly protects you from negative energy.
Missiles
 h - 13 poisoned darts
 s - 3 atropa-tipped darts
Magical Staves
 b - a staff of fire
Jewellery
 e - a ring of protection from fire (left tentacle)
 g - a ring of protection from fire (right tentacle)
 l - a +5 ring of evasion (on tentacle)
 o - a +6 ring of dexterity (on tentacle)
 C - an amulet of reflection (around mantle)
Wands
 m - a wand of polymorph (8)
 t - a wand of digging (5)
 x - a wand of charming (7)
 B - a wand of flame (22)
Scrolls
 c - 2 scrolls of blinking {unknown}
 f - a scroll of summoning
 k - 2 scrolls of noise
 p - 2 scrolls of teleportation
 q - 4 scrolls of poison
 r - 2 scrolls of vulnerability {unknown}
 u - a scroll of fear {unknown}
 w - a scroll of fog {unknown}
 y - 2 scrolls of identify
 z - a scroll of immolation {unknown}
 A - a scroll of brand weapon {unknown}
Potions
 d - 2 potions of brilliance
 i - 2 potions of magic
 j - a potion of haste
 n - 4 potions of curing
 v - 2 potions of might


   Skills:
 - Level 2.0 Dodging
 - Level 2.6 Stealth
 * Level 7.8 Spellcasting
 * Level 8.2 Conjurations
 + Level 5.6 Fire Magic
 * Level 9.6 Alchemy


You had 15 spell levels left.
You knew the following spells:

 Your Spells              Type           Power      Damage    Failure   Level
a - Sting                 Conj/Alch      100%       1d9       1%          1
d - Sticky Flame          Fire/Alch      48%        2d9       2%          4
o - Olgreb's Toxic Radia  Alch           55%        N/A       1%          4

Your spell library contained the following spells:

 Spells                   Type           Power      Damage    Failure   Level
 Kiss of Death            Conj/Necr      100%       2d13      1%          1
 Shock                    Conj/Air       100%       1d9       1%          1
 Mercury Vapours          Alch/Air       66%        N/A       1%          2
 Mephitic Cloud           Conj/Alch/Air  39%        N/A       1%          3
 Dazzling Flash           Conj/Hex       60%        N/A       3%          3
 Stone Arrow              Conj/Erth      60%        3d10      3%          3
 Apportation              Tloc           18%        N/A       6%          1
 Necrotise                Necr           36%        1d5       6%          1
 Sandblast                Erth           18%        2d7       6%          1
 Summon Small Mammal      Summ           36%        N/A       6%          1
 Volatile Blastmotes      Fire/Tloc      46%        2d13      6%          3
 Ensorcelled Hibernation  Hex/Ice        18%        N/A       10%         2
 Brom's Barrelling Bould  Conj/Erth      30%        2d5       12%         4
 Fugue of the Fallen      Necr           9%         N/A       19%         3
 Passwall                 Erth           9%         N/A       19%         3
 Swiftness                Air            9%         N/A       19%         3
 Starburst                Conj/Fire      22%        6d7       50%         6
 Airstrike                Air            4%         2d(1-17)  52%         4
 Anguish                  Hex/Necr       4%         N/A       52%         4
 Cause Fear               Hex            4%         N/A       52%         4
 Enfeeble                 Hex            4%         N/A       100%        7
 Maxwell's Capacitive Co  Air            4%         ∞         100%        8


Dungeon Overview and Level Annotations

Branches:
Dungeon (8/15)             Temple (1/1) D:7            Lair (0/5) D:8

Altars:
Ashenzari
Cheibriados
Dithmenos
Elyvilon
Fedhas
Gozag
Hepliaklqana
Kikubaaqudgha
Makhleb
Nemelex Xobeh
Okawaru
Qazlal
Ru
Sif Muna
Trog
Uskayaw
Vehumet
Wu Jian
Xom
Yredelemnul
Zin
The Shining One


Innate Abilities, Weirdness & Mutations

You cannot wear most types of armour.
You are amphibious.
You can wear up to eight rings at the same time.
Your skin changes colour to match your surroundings (Stealth+).
Your rubbery body absorbs attacks. (AC +1, EV +1)
((You are camouflaged when in or above water. (Stealth+)))
You have tentacles for arms and can constrict up to eight enemies at once.


Message History

You swap places.
The komodo dragon bites your centaur!!
Your centaur dies!
Your centaur's corpse dissolves into shadows!
Unknown command.
You swap places.
Your water moccasin bites the komodo dragon.
The komodo dragon completely misses your water moccasin.
Unknown command.
The air fills with toxic fumes!
As you read the scroll labelled KYUMNEEXTU, it crumbles to dust.
It was a scroll of poison.
Your water moccasin bites the komodo dragon.
The komodo dragon closely misses your water moccasin.
Your water moccasin bites the komodo dragon.
As you read the scroll labelled TOLYCU UTOYRR, it crumbles to dust.
You hear a loud clanging noise!
It was a scroll of noise.
You hear a shout! x4
Your water moccasin bites the komodo dragon.
The komodo dragon bites your water moccasin!
As you read the scroll labelled MIYDOC GYIDUG, it crumbles to dust.
You feel strangely unstable.
It was a scroll of teleportation.
You kill the komodo dragon!
Vehumet accepts your kill.
Your water moccasin closely misses the centaur warrior.
The centaur warrior wields a +0 orcbow.
The centaur warrior shoots an arrow.
The arrow hits your water moccasin!
Your water moccasin barely misses the centaur warrior.
The centaur warrior unwields a +0 orcbow.
The centaur warrior hits your water moccasin!
The centaur warrior barely misses your water moccasin.
A gargoyle comes into view. It is wielding a +0 mace.
Your water moccasin bites the centaur warrior.
The centaur warrior barely misses your water moccasin.
The centaur warrior closely misses your water moccasin.
Your water moccasin bites the centaur warrior.
The centaur warrior wields a +0 orcbow.
The centaur warrior shoots an arrow.
The arrow barely misses your water moccasin.
The arrow barely misses your orc. The arrow hits you!
You die...

♣ ###.### #....#### ♣♣
♣♣♣♣♣♣♣)♣♣♣♣♣♣♣ ######... P♣
♣......)...)§§♣ .......
~♣#♣÷♣♣♣♣♣♣♣♣♣♣♣§♣ ♣ ..##...
♣~#♣.♣ ♣§♣#♣♣♣.♣ #... ♣~#♣§♣
♣§♣#....♣ #... ♣~#♣§♣
♣§♣#.♣♣♣ #####... P~♣♣.♣
♣§♣♣§§§♣♣##...+... ~....♣
♣@§§♣♣♣..##...#... ♣♣♣♣♣♣
♣§♣♣♣ ♣♣.##..##### P♣ ♣o♣
♣.♣##..#.... ~♣#
♣S♣#♣♣♣♣.#...#...< ♣~#
♣c♣#...♣.##..'.... ~♣#
♣.♣♣♣♣♣♣♣♣♣9♣#.♣♣..##..#....
P♣
♣.....oc..§§♣#♣.♣♣♣###'#....
♣♣ ♣♣♣♣♣.♣♣♣♣♣♣♣ ♣♣)♣
#...#.... ♣ #○ ♣.♣ ##..#....


You could see a centaur warrior (poisoned, ally target), a gargoyle, a friendly
water moccasin (summoned) and a friendly orc (summoned).

Vanquished Creatures
  A boulder beetle (D:8)
  A two-headed ogre (D:8)
  2 komodo dragons (D:8)
  A yaktaur (D:8)
  A wyvern (D:8)
  2 yaks (D:8)
  2 steam dragons (D:8)
  2 black bears (D:5)
  A sky beast (D:8)
  3 centaurs
  A phantom (D:4)
  A kobold brigand (D:8)
  3 bullfrogs
  2 scorpions
  10 wights
  7 killer bees
  A howler monkey (D:7)
  A bombardier beetle (D:5)
  4 orc priests
  A sleepcap (D:6)
  4 orc wizards
  A gnoll (D:8)
  12 adders
  2 shadow imps
  A white imp (D:8)
  7 ribbon worms
  3 dart slugs
  25 orcs
  8 endoplasms
  3 giant cockroaches
  4 goblins
  5 hobgoblins
  3 jackals (D:2)
  A quokka (D:4)
  6 ball pythons
  9 bats
  2 frilled lizards
  14 kobolds
  5 rats
162 creatures vanquished.

Vanquished Creatures (collateral kills)
  An iguana (D:4)
1 creature vanquished.

Grand Total: 163 creatures vanquished

Notes
Turn   | Place    | Note
-------+----------+-------------------------------------------
     0 | D:1      | mopl the Octopode Alchemist began the quest for the Orb.
     0 | D:1      | Reached XP level 1. HP: 11/11 MP: 3/3
   258 | D:1      | Reached XP level 2. HP: 11/17 MP: 1/5
   673 | D:2      | Reached XP level 3. HP: 21/21 MP: 4/6
   778 | D:2      | Reached skill level 2 in Conjurations
   854 | D:2      | Identified the +1 rapier of Eternal Vigilance {venom, rF-
                  | rC+ rN++ Int+3}
   975 | D:2      | Reached XP level 4. HP: 27/27 MP: 8/8
   981 | D:2      | Reached skill level 4 in Alchemy
   986 | D:2      | Learned a level 4 spell: Olgreb's Toxic Radiance
  1996 | D:3      | Reached skill level 1 in Fire Magic
  2039 | D:3      | Reached skill level 3 in Spellcasting
  2121 | D:3      | Learned a level 4 spell: Sticky Flame
  2146 | D:3      | Reached XP level 5. HP: 31/31 MP: 5/9
  2523 | D:4      | Noticed a phantom
  2529 | D:4      | Killed a phantom
  2530 | D:4      | Reached skill level 3 in Conjurations
  2530 | D:4      | Reached XP level 6. HP: 25/36 MP: 9/11
  3006 | D:5      | Entered Level 5 of the Dungeon
  3010 | D:5      | Reached skill level 5 in Alchemy
  3049 | D:5      | Found an opulent altar of Gozag.
  3049 | D:5      | Found a shimmering blue altar of Sif Muna.
  3086 | D:5      | Noticed a black bear
  3096 | D:5      | Killed a black bear
  3097 | D:5      | Reached skill level 2 in Fire Magic
  3118 | D:5      | Reached XP level 7. HP: 24/41 MP: 1/12
  3282 | D:5      | Reached skill level 4 in Spellcasting
  3507 | D:5      | Reached skill level 4 in Conjurations
  3882 | D:6      | Reached skill level 6 in Alchemy
  4001 | D:6      | Reached XP level 8. HP: 31/46 MP: 8/14
  4122 | D:6      | Reached skill level 3 in Fire Magic
  4385 | D:6      | Reached skill level 5 in Spellcasting
  4385 | D:6      | Reached skill level 5 in Conjurations
  4733 | D:7      | Found a sparkling altar of Nemelex Xobeh.
  4832 | D:7      | Reached skill level 7 in Alchemy
  5125 | D:7      | Reached XP level 9. HP: 40/51 MP: 10/17
  5131 | D:7      | Reached skill level 6 in Conjurations
  5227 | D:7      | Reached skill level 4 in Fire Magic
  5248 | D:7      | Reached skill level 6 in Spellcasting
  5534 | D:7      | Found a staircase to the Ecumenical Temple.
  5540 | Temple   | Entered the Ecumenical Temple
  5549 | Temple   | Became a worshipper of Vehumet
  5721 | D:8      | Noticed a komodo dragon
  5746 | D:8      | Killed a komodo dragon
  5748 | D:8      | Reached skill level 8 in Alchemy
  5862 | D:8      | Found a staircase to the Lair.
  6233 | D:8      | Reached skill level 7 in Conjurations
  6256 | D:8      | Noticed a two-headed ogre
  6274 | D:8      | Killed a two-headed ogre
  6274 | D:8      | Reached * piety under Vehumet
  6274 | D:8      | Offered knowledge of Kiss of Death by Vehumet.
  6275 | D:8      | Reached skill level 7 in Spellcasting
  6275 | D:8      | Reached skill level 5 in Fire Magic
  6275 | D:8      | Reached skill level 9 in Alchemy
  6275 | D:8      | Reached XP level 10. HP: 36/56 MP: 1/20
  6646 | D:8      | Noticed a boulder beetle
  6648 | D:8      | Noticed a centaur warrior
  6655 | D:8      | HP: 1/56 [boulder beetle (24)]
  6656 | D:8      | Killed a boulder beetle
  6657 | D:8      | Reached skill level 8 in Conjurations
  6665 | D:8      | Noticed a gargoyle
  6666 | D:8      | Shot with an arrow by a centaur warrior

Illustrated notes

Levels and vault maps discovered:
D:1:      dpeg_arrival_chambers_temple_mockup, layout_basic
D:2:      minmay_inner_zag, layout_loops_cross, fountainhead,
          minmay_tromino_v4_c
D:3:      layout_loops_ring
D:4:      layout_cave_pools, serial_rivers, chequers_serial_rivers_micro_e,
          chequers_serial_rivers_room_a, chequers_serial_rivers_marsh,
          chequers_serial_rivers_small_3, chequers_serial_rivers_room_a,
          chequers_serial_rivers_room_b
D:5:      layout_basic, gammafunk_temple_overflow_statue
D:6:      layout_loops_ring
D:7:      layout_loops_ring, overflow_temple_1_default,
          minmay_temple_entry_fiery
D:8:      nzn_winding_woodlands_large [nzn_winding_woodlands_5x5_default,
          nzn_winding_woodlands_5x15_lazy_stream,
          nzn_winding_woodlands_5x5_default,
          nzn_winding_woodlands_center_garden,
          nzn_winding_woodlands_15x15_boxy_spiral,
          nzn_winding_woodlands_center_triple_pond,
          nzn_winding_woodlands_5x5_perimeter,
          nzn_winding_woodlands_5x15_jagged,
          nzn_winding_woodlands_5x5_open_star], layout_gridville
Temple:   compressed_dpeg_triangle_lava_temple

Skill      XL: |  1  2  3  4  5  6  7  8  9 10 |
---------------+-------------------------------+-----
Conjurations   | 2 3 4 5 7 8 |  8.2
Alchemy        | 4 5 6 7 9 |  9.6
Fire Magic     | 1 2 3 5 |  5.6
Spellcasting   | 3 4 5 7 |  7.8
Dodging        | |  2.0
Stealth        | |  2.6

Action                     |  1- 3 |  4- 6 |  7- 9 | 10-12 || total
---------------------------+-------+-------+-------+-------++-------
  Melee: Staff             |    31 |       |       |       ||    31
         Tentacles         |     8 |    12 |    18 |     3 ||    41
         Constrict         |     7 |    12 |    15 |     1 ||    35
         Rapier            |     5 |    42 |    45 |     8 ||   100
   Cast: Sting             |    46 |    61 |    46 |     1 ||   154
         Olgreb's Toxic Ra |       |     4 |    14 |     5 ||    23
         Sticky Flame      |       |       |    18 |     2 ||    20
    Use: Scroll            |       |     4 |     3 |     4 ||    11
         Potion            |       |       |     1 |       ||     1
   Stab: Sleeping          |     4 |     2 |       |       ||     6
 Armour: Skin              |    20 |    29 |    44 |     7 ||   100
  Dodge: Dodged            |    32 |    34 |    92 |     6 ||   164
  Block: Other             |       |       |     2 |     5 ||     7
         Reflection        |       |       |       |     2 ||     2

Table legend: (Time is in decaauts)
 A = Elapsed time spent in this place.
 B = Non-inter-level travel time spent in this place.
 C = Inter-level travel time spent in this place.
 D = Time resting spent in this place.
 E = Time spent auto-exploring this place.
 F = Levels seen in this place.
 G = Mean time per level.
                   A        B        C        D        E       F      G
               +--------+--------+--------+--------+--------+-----+--------+
         Total |   6690 |   6479 |    211 |   1279 |   4026 |   9 |  743.3 |
       Dungeon |   6671 |   6469 |    202 |   1279 |   4026 |   8 |  833.9 |
        Temple |     18 |      9 |      9 |      0 |      0 |   1 |   18.0 |
               +--------+--------+--------+--------+--------+-----+--------+

Top non-repeatable levels by time:
     D:2: 1068 daAuts
     D:8: 1061 daAuts
     D:6: 976 daAuts
     D:7: 909 daAuts
     D:1: 761 daAuts
     D:5: 706 daAuts
     D:3: 659 daAuts
     D:4: 528 daAuts
  Temple: 18 daAuts
